 Dungeon Crawl Stone Soup version 0.26-a0-1164-g1a551d6a14 (webtiles) character file.

Game seed: 17972047783932442025

6956 Marmelada08 the Covert (level 11, 0/87 HPs)
             Began as a Naga Earth Elementalist on Dec 23, 2020.
             Was an Initiate of Gozag.
             Killed by refrigeration
             ... invoked by Fannar
              (15 damage)
             ... on level 10 of the Dungeon.
             The game lasted 00:23:55 (13563 turns).

Marmelada08 the Covert (Naga Earth Elementalist)   Turns: 13563, Time: 00:23:55

Health: 0/87       AC:  7    Str: 12    XL:     11   Next: 7%
Magic:  14/20      EV: 10    Int: 18    God:    Gozag
Gold:   1070       SH:  0    Dex: 11    Spells: 7/22 levels left

rFire    . . .     SeeInvis +   e - +0 dagger (drain)
rCold    . . .     Faith    .   (no shield)
rNeg     . . .     Spirit   .   c - +0 robe
rPois    +         Reflect  .   (no helmet)
rElec    .         Harm     .   m - +1 cloak
rCorr    +         Rampage  .   t - +0 pair of gloves
Will     ++...                  (no barding)
Stlth    +++++.....             q - amulet of magic regeneration
HPRegen  0.24/turn              E - ring of willpower (curse)
MPRegen  0.42/turn              G - ring of resist corrosion

@: very slow
A: large, see invisible, deformed body, poison resistance, slowness 2, spit
poison 1, AC +3
a: Spit Poison, Renounce Religion, Potion Petition, Call Merchant, Bribe Branch


You were on level 10 of the Dungeon.
You worshipped Gozag.
Gozag was most pleased with you.
You visited 2 branches of the dungeon, and saw 11 of its levels.

You collected 1704 gold pieces.
You spent 537 gold pieces at shops.
You paid 97 gold pieces to Gozag.

Inventory:

Hand Weapons
 e - a +0 dagger of draining (weapon)
Missiles
 b - 117 stones (quivered)
Armour
 c - a +0 robe (worn)
 m - a +1 cloak (worn)
 t - a +0 pair of gloves (worn)
Jewellery
 q - an amulet of magic regeneration (around neck)
 D - an uncursed amulet of reflection {unknown}
 E - a cursed ring of willpower (left hand)
 F - an uncursed ring of flight
 G - a ring of resist corrosion (right hand)
Wands
 i - a wand of flame (15)
 w - a wand of iceblast (8)
 A - a wand of random effects (15)
Scrolls
 f - 2 scrolls of random uselessness
 h - a scroll of magic mapping
 j - 3 scrolls of fear
 l - 7 scrolls of remove curse
 p - 2 scrolls of enchant weapon
 s - a scroll of fog
 v - 5 scrolls of teleportation
 x - a scroll of torment {unknown}
 y - 2 scrolls of blinking {unknown}
 z - 2 scrolls of enchant armour
 B - a scroll of brand weapon {unknown}
 C - a scroll of amnesia
Potions
 a - 3 potions of brilliance
 d - 3 potions of curing
 g - 2 potions of flight
 k - 2 potions of haste
 n - a potion of resistance
 o - a potion of heal wounds
 r - a potion of lignification
 u - 2 potions of might
 H - a potion of mutation


   Skills:
 + Level 2.5 Fighting
 - Level 1.5 Dodging
 + Level 12.4 Stealth
 - Level 6.0 Spellcasting
 - Level 6.0 Conjurations
 - Level 1.0 Transmutations
 * Level 11.6 Earth Magic


You had 7 spell levels left.
You knew the following spells:

 Your Spells              Type           Power        Failure   Level
a - Sandblast             Erth           94%          1%          1
b - Passwall              Tmut/Erth      23%          1%          2
c - Stone Arrow           Conj/Erth      74%          1%          3
d - Petrify               Tmut/Erth      28%          9%          4
e - Lee's Rapid Deconstr  Erth           23%          2%          5

Your spell library contained the following spells:

 Spells                   Type           Power        Failure   Level
 Conjure Flame            Conj/Fire      16%          11%         3
 Animate Skeleton         Necr           10%          12%         1
 Apportation              Tloc           10%          12%         1
 Corona                   Hex            5%           12%         1
 Summon Small Mammal      Summ           20%          12%         1
 Mephitic Cloud           Conj/Pois/Air  12%          16%         3
 Poisonous Vapours        Pois/Air       10%          19%         2
 Freezing Cloud           Conj/Ice/Air   6%           100%        6


Dungeon Overview and Level Annotations

Branches:
Dungeon (10/15)            Temple (1/1) D:5            Lair (0/6) D:8
    Orc: D:9-12

Altars:
Ashenzari
Cheibriados
Dithmenos
Elyvilon
Fedhas
Gozag
Hepliaklqana
Kikubaaqudgha
Makhleb
Nemelex Xobeh
Okawaru
Qazlal
Ru
Sif Muna
Trog
Uskayaw
Vehumet
Wu Jian
Xom
Yredelemnul
Zin
The Shining One

Shops:
D:7 !   D:9 =??   D:10 ?

Annotations:
D:4 2 transporters
D:9 exclusion: downstairs
D:10 Fannar


Innate Abilities, Weirdness & Mutations

You cannot wear boots.
Your serpentine skin is tough. (AC +3)
You have supernaturally acute eyesight. (SInv)
Armour fits poorly on your strangely shaped body.
Your system is resistant to poisons. (rPois)
You cover ground very slowly.
You can spit poison.


Message History

Press: ? - help, Shift-Dir - straight line, f/p - Fannar
Aim: Fannar, wielding a +0 quarterstaff of freezing, wearing a +1 robe of cold resistance and wearing an uncursed ring of ice (almost dead, covered in an icy film, 28% to evade)
The blast of sand misses Fannar.
b - 117 stones Fannar hits you with a +0 quarterstaff of freezing.
* * * LOW HITPOINT WARNING * * *
Fannar freezes you.
* * * LOW HITPOINT WARNING * * *
Casting: Sandblast (safe; 1% risk of failure)
Confirm with . or Enter, or press ? or * to list all spells.
Aiming: Stone Arrow (safe; 1% risk of failure)
Press: ? - help, Shift-Dir - straight line, f/p - Fannar
Aim: Fannar, wielding a +0 quarterstaff of freezing, wearing a +1 robe of cold resistance and wearing an uncursed ring of ice (almost dead, covered in an icy film, 43% to evade)
The stone arrow hits Fannar.
Fannar is almost dead.
Fannar mumbles some strange words.
Fannar drains the heat from the surrounding environment!
You feel very cold.
You die...
Your body crumbles into a pile of gold.

..# #.# #.####.#
....##.## ........#
##### ..#.##..# #...#
..#.##..# #...#
........# #e..#
.##.###.#######.@.#
.##.###...#....#......#
........#.'.....#.....#
###.#######......#....#
###[# ######+###+##
.##.# ..#.####.##
........... ..#.####.##


You could see Fannar (icy armour).

Vanquished Creatures
  An ugly thing (D:7)
  A gargoyle (D:9)
  2 komodo dragons
  A troll (D:9)
  Grinder (D:6)
  Sigmund (D:3)
  Menkaure (D:6)
  A steam dragon (D:8)
  4 water moccasins (D:8)
  4 orc warriors
  4 black bears
  2 sky beasts
  3 ice beasts
  A phantom (D:8)
  3 ogres
  4 centaurs
  A big kobold (D:8)
  7 bullfrogs
  4 scorpions
  4 killer bees (D:10)
  8 wights
  An electric eel (D:10)
  A centaur zombie (D:9)
  A quasit (D:9)
  6 hounds
  A jelly (D:9)
  5 orc priests
  A bullfrog skeleton (D:8)
  Jessica (D:3)
  6 iguanas
  11 orc wizards
  4 worker ants
  A killer bee zombie (D:7)
  Robin (D:3)
  7 gnolls (D:2)
  9 adders
  2 shadow imps
  2 white imps
  5 ufetubi
  An ooze (D:3)
  3 adder skeletons
  2 worms
  A dart slug (D:1)
  4 leopard geckos
  33 orcs
  A ball python (D:1)
  4 giant cockroaches
  28 goblins
  7 hobgoblins
  11 jackals
  18 kobolds
  5 quokkas
  5 bats
  6 frilled lizards
  A leopard gecko skeleton (D:6)
  7 rats
260 creatures vanquished.

Vanquished Creatures (others)
  23 fungi (D:8)
  16 plants
39 creatures vanquished.

Grand Total: 299 creatures vanquished

Notes
Turn   | Place    | Note
-------+----------+-------------------------------------------
     0 | D:1      | Marmelada08 the Naga Earth Elementalist began the quest for
                  | the Orb.
     0 | D:1      | Reached XP level 1. HP: 15/15 MP: 3/3
   170 | D:1      | Reached XP level 2. HP: 12/22 MP: 1/5
  1119 | D:1      | Reached XP level 3. HP: 27/28 MP: 3/6
  1439 | D:2      | Reached skill level 4 in Stealth
  1695 | D:2      | Reached XP level 4. HP: 10/36 MP: 1/7
  2090 | D:2      | Learned a level 2 spell: Passwall
  2094 | D:2      | Learned a level 3 spell: Stone Arrow
  2251 | D:2      | Reached skill level 5 in Stealth
  2426 | D:2      | Reached XP level 5. HP: 42/42 MP: 8/8
  2540 | D:2      | Reached skill level 5 in Earth Magic
  2945 | D:3      | Noticed Jessica
  2949 | D:3      | Killed Jessica
  3222 | D:3      | Noticed an ice beast
  3274 | D:3      | Noticed Sigmund
  3338 | D:3      | Killed Sigmund
  3339 | D:3      | Reached skill level 6 in Stealth
  3339 | D:3      | Reached XP level 6. HP: 45/49 MP: 7/9
  3940 | D:4      | Found a transporter.
  3942 | D:4      | Noticed a kobold demonologist
  3951 | D:4      | Reached XP level 7. HP: 55/55 MP: 7/10
  4251 | D:4      | Found a transporter.
  4273 | D:4      | Found a hide-covered altar of Uskayaw.
  4289 | D:4      | Reached skill level 1 in Conjurations
  4317 | D:4      | Reached skill level 7 in Stealth
  4671 | D:5      | Entered Level 5 of the Dungeon
  4978 | D:5      | Found a staircase to the Ecumenical Temple.
  4996 | Temple   | Entered the Ecumenical Temple
  5139 | Temple   | Became a worshipper of Gozag Ym Sagoz the Greedy
  5351 | D:5      | Reached XP level 8. HP: 62/62 MP: 7/12
  5686 | D:5      | Reached skill level 8 in Stealth
  6099 | D:3      | Noticed Robin
  6189 | D:3      | Killed Robin
  7067 | D:6      | Reached skill level 9 in Stealth
  7067 | D:6      | Reached XP level 9. HP: 68/68 MP: 11/15
  7292 | D:6      | Noticed Menkaure
  7315 | D:6      | Noticed Grinder
  7358 | D:6      | Killed Grinder
  7499 | D:6      | Killed Menkaure
  8105 | D:7      | Reached skill level 10 in Stealth
  8147 | D:7      | Noticed a red ugly thing
  8158 | D:7      | Found Emoceuc's Distillery.
  8168 | D:7      | Reached skill level 5 in Spellcasting
  8640 | D:7      | Bought a potion of curing for 42 gold pieces
  8640 | D:7      | Bought a potion of lignification for 42 gold pieces
  8815 | D:7      | Killed a red ugly thing
  8816 | D:7      | Reached skill level 5 in Conjurations
  9044 | D:7      | Found a burning altar of Makhleb.
  9164 | D:8      | Reached XP level 10. HP: 75/75 MP: 17/17
  9202 | D:8      | Reached skill level 10 in Earth Magic
  9480 | D:8      | Found a staircase to the Lair.
  9504 | D:8      | Learned a level 5 spell: Lee's Rapid Deconstruction
  9509 | D:8      | Learned a level 4 spell: Petrify
  9599 | D:8      | Reached skill level 11 in Stealth
 10244 | D:8      | Found a sacrificial altar of Ru.
 11044 | D:9      | Found Qugios's Jewellery Emporium.
 11210 | D:9      | Noticed a gargoyle
 11620 | D:9      | Found Zuzucal's Magic Scroll Boutique.
 11686 | D:9      | Bought a scroll of identify for 26 gold pieces
 11686 | D:9      | Bought a scroll of identify for 26 gold pieces
 11686 | D:9      | Bought a scroll of identify for 26 gold pieces
 11724 | D:9      | Found Fyickuo's Magic Scroll Boutique.
 11728 | D:9      | Bought a scroll of identify for 24 gold pieces
 11728 | D:9      | Bought a scroll of identify for 24 gold pieces
 11728 | D:9      | Bought a scroll of identify for 24 gold pieces
 11728 | D:9      | Bought a scroll of identify for 24 gold pieces
 11728 | D:9      | Bought a scroll of identify for 24 gold pieces
 12818 | D:9      | Killed a gargoyle
 12819 | D:9      | Reached skill level 1 in Fighting
 12819 | D:9      | Reached skill level 12 in Stealth
 12943 | D:10     | Entered Level 10 of the Dungeon
 13030 | D:10     | Found Nihil's Magic Scroll Shoppe.
 13056 | D:10     | Bought a scroll of identify for 30 gold pieces
 13056 | D:10     | Bought a scroll of identify for 30 gold pieces
 13056 | D:10     | Bought a scroll of identify for 30 gold pieces
 13056 | D:10     | Bought a scroll of identify for 30 gold pieces
 13060 | D:10     | Bought a scroll of teleportation for 45 gold pieces
 13060 | D:10     | Bought a scroll of teleportation for 45 gold pieces
 13060 | D:10     | Bought a scroll of teleportation for 45 gold pieces
 13142 | D:10     | Reached XP level 11. HP: 86/86 MP: 18/20
 13549 | D:10     | Noticed Fannar
 13563 | D:10     | Killed from afar by Fannar

Illustrated notes

Levels and vault maps discovered:
D:1:      dpeg_arrival_tiny_h, layout_loops_ring, serial_forest,
          infiniplex_forest_clump_C, infiniplex_forest_lined_corner,
          infiniplex_forest_lined_ring, infiniplex_forest_lined_room_3,
          infiniplex_forest_end_1, infiniplex_forest_straight_4, minivault_26,
          minivault_27
D:2:      layout_loops_ring
D:3:      kennysheep_goblin_castle, layout_rooms, uniq_sigmund, uniq_jessica
D:4:      gammafunk_wand_slinger, layout_loops_cross, lemuel_doored_altar
D:5:      layout_basic, minmay_temple_entry_wispy
D:6:      layout_gridville, uniq_grinder, uniq_menkaure
D:7:      layout_basic, lightli_temple_of_fire, serial_shops, shop
D:8:      layout_layer_cave, due_lair_maze_entry_diamond,
          nicolae_ru_path_of_blood
D:9:      cheibrodos_iron_armory, layout_layer_cave, serial_shops, shop,
          nicolae_shop_crystal, shop
D:10:     layout_loops_corners, special_room [special_room_orc], serial_shops,
          shop, nicolae_lava_and_water, hangedman_abyss_or_decor_clamps,
          minmay_diced_spiral, uniq_fannar
Temple:   regret_index_temple_chain_breaker

Skill      XL: |  1  2  3  4  5  6  7  8  9 10 11 |
---------------+----------------------------------+-----
Stealth        | 4 5 6 7 9 10 12 | 12.4
Earth Magic    | 4 6 7 8 9 11 | 11.6
Conjurations   | 2 3 5 6 |  6.0
Spellcasting   | 3 4 5 6 |  6.0
Fighting       | 1 2 |  2.5
Dodging        | |  1.5
Transmutations | |  1.0

Action                   |  1- 3 |  4- 6 |  7- 9 | 10-12 || total
-------------------------+-------+-------+-------+-------++-------
Melee: Unarmed           |    11 |       |       |       ||    11
       Dagger            |    52 |    71 |   163 |    73 ||   359
Throw: Stone             |       |       |       |     3 ||     3
 Cast: Sandblast         |    24 |    34 |    93 |   103 ||   254
       Stone Arrow       |       |       |    25 |    35 ||    60
 Abil: Spit Poison       |     9 |    10 |    11 |     9 ||    39
Evoke: Wand              |       |       |     6 |       ||     6
  Use: Scroll            |       |     3 |     4 |    12 ||    19
       Potion            |       |       |     4 |     1 ||     5
 Stab: Sleeping          |     3 |     4 |    19 |    11 ||    37
       Distracted        |       |       |     2 |       ||     2
       Paralysed         |       |       |     3 |       ||     3
Armor: Robe              |    13 |    31 |    99 |    56 ||   199
       Skin              |       |       |       |    13 ||    13
Dodge: Dodged            |    50 |    59 |   142 |    88 ||   339

Table legend: (Time is in decaauts)
 A = Elapsed time spent in this place.
 B = Non-inter-level travel time spent in this place.
 C = Inter-level travel time spent in this place.
 D = Time resting spent in this place.
 E = Time spent auto-exploring this place.
 F = Levels seen in this place.
 G = Mean time per level.
                   A        B        C        D        E       F      G
               +--------+--------+--------+--------+--------+-----+--------+
         Total |  16215 |  15480 |    735 |   3745 |   8898 |  11 | 1474.1 |
       Dungeon |  15998 |  15303 |    695 |   3745 |   8723 |  10 | 1599.8 |
        Temple |    217 |    178 |     39 |      0 |    175 |   1 |  217.0 |
               +--------+--------+--------+--------+--------+-----+--------+

Top non-repeatable levels by time:
     D:8: 2519 daAuts
     D:9: 2251 daAuts
     D:2: 1757 daAuts
     D:1: 1681 daAuts
     D:7: 1596 daAuts
     D:3: 1462 daAuts
     D:4: 1415 daAuts
     D:6: 1390 daAuts
     D:5: 1335 daAuts
    D:10: 588 daAuts
  Temple: 217 daAuts
